 Dungeon Crawl Stone Soup version 0.28-a0-919-g0b5b508569 (webtiles) character file.

Game seed: 1876073472788592879

1390 bjtr the Conjurer (level 8, -1/63 HPs)
             Began as a Demigod Conjurer on Nov 26, 2021.
             Succumbed to a water moccasin's poison
             ... on level 5 of the Dungeon.
             The game lasted 00:32:48 (7382 turns).

bjtr the Conjurer (Demigod Conjurer)                Turns: 7382, Time: 00:32:49

Health: -1/63      AC:  5    Str:  8    XL:     8   Next: 17%
Magic:  10/17      EV: 12    Int: 28    God:
Gold:   269        SH:  0    Dex: 12    Spells: 8/15 levels left

rFire   . . .      SeeInvis +   a - +1 long sword (vorpal)
rCold   . . .      Faith    .   (no shield)
rNeg    . . .      Spirit   .   D - +0 leather armour "Zanam" {Rampage rElec Stlth+}
rPois   .          Reflect  .   m - +1 helmet
rElec   +          Harm     .   (no cloak)
rCorr   .          Rampage  +   (no gloves)
Will    +....                   (no boots)
Stlth   +++.......              (no amulet)
HPRegen 0.20/turn               e - ring of Kivvaenocu {Will+ SInv}
MPRegen 0.15/turn               (no ring)

@: lethally poisoned (-1 -> -31)
A: high mp 1, forlorn
a: no special abilities


You were on level 5 of the Dungeon.
You visited 2 branches of the dungeon, and saw 7 of its levels.
You also visited: Sewer.

You collected 269 gold pieces.

Inventory:

Hand Weapons
 a - a +1 vorpal long sword (weapon)
 b - a +0 hand crossbow
 d - a +0 dagger
 h - a +0 rapier
 o - a +1 dagger of venom
 r - a +0 flail
 s - a +2 falchion of holy wrath
 u - a +1 dagger of speed
 y - a +0 hunting sling
Missiles
 c - 177 stones
 k - 40 sling bullets
 q - 4 boomerangs
 t - 54 bolts
 x - 6 poisoned darts
Armour
 l - a +0 ring mail
 m - a +1 helmet (worn)
 D - the +0 leather armour "Zanam" (worn) {Rampage rElec Stlth+}
   (You found it on level 5 of the Dungeon)

   rElec:     It insulates you from electricity.
   Rampage:   It bestows one free step when moving towards enemies.
   Stlth:     It makes you more stealthy.
Jewellery
 e - the ring of Kivvaenocu (left hand) {Will+ SInv}
   (You acquired it on level 1 of the Dungeon)

   [ring of willpower]

   SInv:      It lets you see invisible.
   Will:      It increases your willpower.
 i - a ring of ice
Scrolls
 f - 2 scrolls of torment
 p - a scroll of brand weapon
 w - a scroll of fog
 B - a scroll of identify
Potions
 g - 3 potions of curing
 j - 2 potions of invisibility
 v - 2 potions of brilliance
 z - a potion of cancellation {unknown}
 A - a potion of lignification {unknown}
 C - a potion of ambrosia {unknown}


   Skills:
 + Level 3.1 Fighting
 - Level 2.6 Armour
 + Level 4.6 Dodging
 - Level 1.7 Stealth
 + Level 4.0 Spellcasting
 * Level 6.9 Conjurations


You had 8 spell levels left.
You knew the following spells:

 Your Spells              Type           Power      Damage    Failure   Level
a - Magic Dart            Conj           100%       1d8       1%          1
b - Searing Ray           Conj           88%        2d7       1%          2
c - Iskenderun's Mystic   Conj/Tloc      25%        2d7       26%         4

Your spell library contained the following spells:

 Spells                   Type           Power      Damage    Failure   Level
 Dazzling Flash           Conj/Hex       50%        N/A       8%          3
 Fulminant Prism          Conj/Hex       12%        3d9       26%         4


Dungeon Overview and Level Annotations

Branches:
Dungeon (6/15)             Temple (1/1) D:5           Sewer (visited)

Annotations:
D:5 Pikel


Innate Abilities, Weirdness & Mutations

Your attributes grow dramatically as you level up.
You have an increased reservoir of magic. (+10% MP)
You shall have no god before yourself.


Message History

The sky beast is knocked back by the mystic blast.
The sky beast slams into the rock wall!
The sky beast is heavily wounded.
The mystic blast hits the iguana.
The iguana is moderately wounded.
The iguana is knocked back by the mystic blast.
The iguana slams into the rock wall!
The iguana is heavily wounded.
You feel very sick.
You hear a shout!
You hear an angry hiss.
The sky beast barely misses you. The iguana closely misses you.
Unknown command.
You rampage towards the scorpion!
You feel sick. The scorpion closely misses you.
You feel sick. The scorpion stings you.
A gnoll shaman comes into view. It is wielding a +0 whip.
The scorpion stings you.
You are more poisoned.
The scorpion poisons you!
You feel very sick. The scorpion closely misses you.
You feel very sick.
You feel very sick. The water moccasin bites you.
You feel sick.
You feel sick.
You feel sick. The water moccasin bites you.
You are lethally poisoned!
The water moccasin poisons you!
There is a stone staircase leading up, spattered with blood here.
* * * LOW HITPOINT WARNING * * *
You feel very sick. The water moccasin bites you!
* * * LOW HITPOINT WARNING * * *
You are more poisoned.
The water moccasin poisons you!
Your magical contamination has completely faded away.
You climb upwards.
Level annotation: Pikel You die...

...5.......# #...##..........##.
..###.....## ##..#........#.#....
####.......###.....#......#..###.
#...........#..##...#####..###
#.......#...........# ##.# #
##........#...##.#### #.###
##..........#.##.## #..##
#.......#####S#...# ##..#
#.......# #@....# ###.# #.......#
###...# ##.?.. ##.....## #...#
##..... ##...## #...# #......
##### #...# #...... ##### #...)..
#...... #...... #.....[


You could see a water moccasin.

Vanquished Creatures
  A wyvern (D:6)
  A steam dragon (D:4)
  A water moccasin (D:6)
  An ice beast (D:5)
  Pargi (Sewer)
  2 ogres (D:5)
  2 water moccasin zombies (D:4)
  A centaur zombie (D:4)
  3 hounds
  An orc priest (D:4)
  A scorpion zombie (D:4)
  An iguana (D:4)
  5 orc wizards
  4 hound zombies (D:4)
  2 hound skeletons
  A howler monkey skeleton (D:6)
  4 gnolls (D:5)
  An adder zombie (D:4)
  An adder skeleton (D:4)
  2 worms
  A dart slug (D:3)
  14 orcs
  2 endoplasms
  2 giant cockroaches
  4 goblins
  3 hobgoblins
  4 jackals (D:4)
  17 kobolds
  3 quokkas
  9 ball pythons
  5 bats
  A frilled lizard (D:1)
  A quokka skeleton (D:4)
  A quokka zombie (D:4)
  6 rats
109 creatures vanquished.

Vanquished Creatures (others)
  2 withered plants (D:4)
2 creatures vanquished.

Grand Total: 111 creatures vanquished

Notes
Turn   | Place    | Note
-------+----------+-------------------------------------------
     0 | D:1      | bjtr the Demigod Conjurer began the quest for the Orb.
     0 | D:1      | Reached XP level 1. HP: 14/14 MP: 5/5
   328 | D:1      | Reached skill level 4 in Conjurations
   545 | D:1      | Reached XP level 2. HP: 20/20 MP: 4/7
   548 | D:1      | Learned a level 2 spell: Searing Ray
  1374 | D:1      | Identified a scroll of acquirement
  1374 | D:1      | Acquired the ring of Kivvaenocu {Will+ SInv}
  1952 | D:2      | Reached XP level 3. HP: 19/26 MP: 6/8
  3032 | D:3      | Reached XP level 4. HP: 33/33 MP: 5/10
  3101 | D:4      | Reached skill level 1 in Armour
  3228 | D:4      | Reached skill level 5 in Conjurations
  3255 | D:4      | Noticed a steam dragon
  3267 | D:4      | Killed a steam dragon
  3268 | D:4      | Reached XP level 5. HP: 15/38 MP: 1/12
  3594 | D:4      | Found a glowing drain.
  3602 | Sewer    | Entered a sewer
  4054 | Sewer    | Noticed Pargi
  4074 | Sewer    | Killed Pargi
  4075 | Sewer    | Reached XP level 6. HP: 11/46 MP: 1/14
  4673 | D:4      | Reached skill level 1 in Fighting
  5088 | D:4      | Reached XP level 7. HP: 52/52 MP: 10/15
  5145 | D:4      | Reached skill level 6 in Conjurations
  5497 | D:5      | Entered Level 5 of the Dungeon
  5660 | D:5      | Found a staircase to the Ecumenical Temple.
  5824 | Temple   | Entered the Ecumenical Temple
  6595 | D:5      | Noticed Pikel
  6814 | D:5      | Identified the +0 leather armour "Zanam" {Rampage rElec
                  | Stlth+}
  6832 | D:5      | Learned a level 4 spell: Iskenderun's Mystic Blast
  6915 | D:6      | Reached XP level 8. HP: 34/62 MP: 9/17
  7371 | D:6      | Noticed a cyclops
  7382 | D:5      | Succumbed to a water moccasin's poison

Illustrated notes

Levels and vault maps discovered:
D:1:      dpeg_arrival_arbitrary_a, layout_basic, serial_bayou_pond_b,
          hangedman_abyss_or_decor_lesser_grid, minmay_misc_feat_enclosed
D:2:      layout_loops_cross, shapermc_ecumenical_altar_mp_vishouse
D:3:      layout_basic, general_overflow_altar,
          chequers_temple_overflow_statue_of_worship
D:4:      layout_cave_pools, serial_undead, serial_undead_e, serial_undead_f,
          serial_undead_f, serial_undead_b, serial_undead_d, serial_undead_a,
          cheibrodos_sewer_entry_sluice
D:5:      layout_rooms, mainiacjoe_overflow_surrounded_room,
          minmay_temple_entry_statues_fountains, uniq_pikel
D:6:      hangedman_cross_stitches, layout_basic, uniq_prince_ribbit1
Temple:   compressed_dpeg_triangle_lava_temple

Skill      XL: |  1  2  3  4  5  6  7  8 |
---------------+-------------------------+-----
Conjurations   | 4 5 6 |  6.9
Spellcasting   | 2 3 4 |  4.0
Armour         | 2 |  2.6
Dodging        | 2 4 |  4.6
Fighting       | 1 2 3 |  3.1
Stealth        | |  1.7

Action                   |  1- 3 |  4- 6 |  7- 9 || total
-------------------------+-------+-------+-------++-------
Melee: Long sword        |    30 |    56 |    26 ||   112
       Dagger            |     4 |       |       ||     4
       Falchion          |       |    22 |    21 ||    43
 Cast: Magic Dart        |    48 |     1 |       ||    49
       Searing Ray       |     6 |    20 |    19 ||    45
       Iskenderun's Myst |       |       |     1 ||     1
  Use: Scroll            |     8 |     4 |     3 ||    15
       Potion            |       |     4 |       ||     4
 Stab: Sleeping          |     3 |       |       ||     3
Armor: Robe              |     6 |       |       ||     6
       Ring mail         |     4 |    90 |    21 ||   115
       Leather armour    |       |       |     2 ||     2
Dodge: Dodged            |    31 |   119 |    57 ||   207

Table legend: (Time is in decaauts)
 A = Elapsed time spent in this place.
 B = Non-inter-level travel time spent in this place.
 C = Inter-level travel time spent in this place.
 D = Time resting spent in this place.
 E = Time spent auto-exploring this place.
 F = Levels seen in this place.
 G = Mean time per level.
                   A        B        C        D        E       F      G
               +--------+--------+--------+--------+--------+-----+--------+
         Total |   7402 |   7260 |    142 |   2903 |   3115 |   8 |  925.2 |
       Dungeon |   6438 |   6302 |    136 |   2413 |   2793 |   6 | 1073.0 |
        Temple |    235 |    229 |      6 |      0 |    215 |   1 |  235.0 |
         Sewer |    728 |    728 |      0 |    489 |    107 |   1 |  728.0 |
               +--------+--------+--------+--------+--------+-----+--------+

Top non-repeatable levels by time:
     D:1: 1426 daAuts
     D:3: 1394 daAuts
     D:4: 1230 daAuts
     D:5: 1062 daAuts
     D:2: 832 daAuts
   Sewer: 728 daAuts
     D:6: 492 daAuts
  Temple: 235 daAuts
